 Dungeon Crawl Stone Soup version 0.30-a0-305-g026cb31310 (webtiles) character file.

Game seed: 3266268937319153509

1592 GreatBamboolord the Reanimator (level 8, -2/52 HPs)
             Began as a Demonspawn Necromancer on Oct 21, 2022.
             Slain by a two-headed ogre
             ... wielding a +0 giant spiked club
              (14 damage)
             ... on level 5 of the Dungeon.
             The game lasted 00:15:30 (5460 turns).

GreatBamboolord the Reanimator (DsNe)               Turns: 5460, Time: 00:15:31

Health: -2/52      AC:  4    Str:  9    XL:     8   Next: 61%
Magic:  6/18       EV: 13    Int: 18    God:
Gold:   326        SH:  0    Dex: 14    Spells: 7/20 levels left

rFire   . . .      SeeInvis .    r - +3 dagger (venom)
rCold   + . .      Faith    .    (no shield)
rNeg    . . .      Spirit   .    a - +0 robe
rPois   .          Reflect  .    (helmet restricted)
rElec   .          Harm     .    (no cloak)
rCorr   .          Rampage  .    l - +0 pair of gloves
Will    .....                    j - +0 pair of boots
Stlth   ++........               (no amulet)
HPRegen 0.28/turn                h - ring of protection from cold
MPRegen 0.16/turn                (no ring)

@: no status effects
A: hooves 1, horns 1, ignite blood 2, powered by death 1
a: no special abilities


You were on level 5 of the Dungeon.
You visited 1 branch of the dungeon, and saw 5 of its levels.

You collected 326 gold pieces.

Inventory:

Hand Weapons
 r - a +3 dagger of venom (weapon)
Armour
 a - a +0 robe (worn)
 j - a +0 pair of boots (worn)
 l - a +0 pair of gloves (worn)
Jewellery
 h - a ring of protection from cold (left hand)
Wands
 v - a wand of polymorph (3)
 w - a wand of paralysis (13)
Scrolls
 c - a scroll of enchant weapon
 e - a scroll of immolation
 f - a scroll of vulnerability
 k - a scroll of torment
 s - a scroll of amnesia
 t - a scroll of teleportation
Potions
 b - a potion of magic
 d - 5 potions of curing
 g - 3 potions of haste {unknown}
 i - a potion of ambrosia {unknown}
 m - a potion of lignification
 n - a potion of brilliance {unknown}
 o - 2 potions of flight
 p - a potion of mutation {unknown}
 q - a potion of attraction {unknown}
 u - a potion of berserk rage {unknown}
 x - a potion of heal wounds {unknown}


   Skills:
 * Level 4.2 Dodging
 + Level 2.1 Stealth
 * Level 6.8 Spellcasting
 * Level 8.8 Necromancy


You had 7 spell levels left.
You knew the following spells:

 Your Spells              Type           Power      Damage    Failure   Level
a - Necrotise             Necr           100%       1d9       1%          1
b - Vampiric Draining     Necr           38%        2d8       1%          3
c - Animate Dead          Necr           38%        N/A       2%          4
d - Agony                 Necr           38%        N/A       8%          5

Your spell library contained the following spells:

 Spells                   Type           Power      Damage    Failure   Level
 Ignite Poison            Fire/Tmut/Pois 6%         N/A       32%         3
 Kindle Blastsparks       Fire/Tloc/Air  12%        2d11      32%         3
 Ozocubu's Armour         Ice            6%         N/A       32%         3
 Freezing Cloud           Conj/Ice/Air   3%         6-21      97%         5
 Malign Gateway           Summ/Tloc      3%         N/A       100%        7
 Ozocubu's Refrigeration  Ice            3%         4d8       100%        7
 Summon Horrible Things   Summ           3%         N/A       100%        8


Dungeon Overview and Level Annotations

Branches:
Dungeon (5/15)
 Temple: D:4-7

Altars:
Ashenzari
Nemelex Xobeh
Qazlal
Sif Muna

Annotations:
D:4 1 runed translucent door, Crazy Yiuf
D:5 4 runed translucent doors


Innate Abilities, Weirdness & Mutations

You have large cloven feet.
You have a pair of small horns on your head.
Your demonic aura often causes spilled blood to erupt in flames.
You regenerate a little health from kills.


Message History

You close the door.
A two-headed ogre opens the door.
You close the door.
A two-headed ogre opens the door.
You close the door.
A two-headed ogre opens the door.
You close the door.
A two-headed ogre opens the door.
You close the door.
A two-headed ogre opens the door.
You close the door.
A two-headed ogre opens the door.
You close the door.
A two-headed ogre opens the door.
You close the door.
A two-headed ogre opens the door.
You close the door.
A two-headed ogre opens the door.
You close the door.
A two-headed ogre opens the door.
You close the door.
A two-headed ogre opens the door.
You close the door.
A two-headed ogre opens the door.
You close the door.
A two-headed ogre opens the door.
You close the door.
A two-headed ogre breaks down the door.
It's broken and can't be closed.
Aiming: Necrotise (safe; 1% risk of failure)
Press: ? - help, Q - select action, (/) - cycle Shift-Dir - straight line, f/p - two-headed ogre
Aim: a two-headed ogre, wielding a +0 giant spiked club and a +0 giant club (heavily wounded, chance to affect: 70%)
The two-headed ogre writhes in agony.
Unknown command.
Casting: Necrotise (safe; 1% risk of failure)
Confirm with . or Enter, or press ? or * to list all spells.
Aiming: Vampiric Draining (safe; 1% risk of failure)
Press: ? - help, Shift-Dir - straight line, f/p - two-headed ogre
Aim: a two-headed ogre, wielding a +0 giant spiked club and a +0 giant club (heavily wounded)
You draw life force from the two-headed ogre!
You feel life coursing into your body. The two-headed ogre misses you.
The two-headed ogre barely misses you.
Casting: Vampiric Draining (safe; 1% risk of failure)
Confirm with . or Enter, or press ? or * to list all spells.
Aiming: Vampiric Draining (safe; 1% risk of failure)
Press: ? - help, Shift-Dir - straight line, f/p - two-headed ogre
Aim: a two-headed ogre, wielding a +0 giant spiked club and a +0 giant club (severely wounded)
You draw life force from the two-headed ogre!
You feel life coursing into your body.
The two-headed ogre hits you with a +0 giant spiked club!!
Ouch! That really hurt!
* * * LOW HITPOINT WARNING * * *
The two-headed ogre hits you with a +0 giant club!
You die...

#.....# #.....# #### #.....#
#.....# ...### #.....# #.....#
##...# #.....# #.....# 8##..##
#.....# #.....#
.8#...#######'##########.....####
.g+......#.##.####.....####'##...
.h+......#......ยง................
.8#......'.....O@.........<......
8##......#.......................
##.......#.......................
#'###...#######...##..###..#####
##.#.##.##...###...##'####..###..
.##)#.#.......#...............#..
..###.#.......#...............'..
##..#)#.......#...............#..
)##.#.#.......#...............#..


You could see a two-headed ogre.

Vanquished Creatures
  Prince Ribbit (D:5)
  Sigmund (D:5)
  2 black bears
  2 ogres (D:5)
  A centaur (D:5)
  A phantom (D:5)
  Blork the orc (D:5)
  2 necrophages
  A howler monkey (D:5)
  3 hounds
  2 jellies (D:4)
  2 iguanas
  2 orc wizards
  4 gnolls (D:3)
  9 adders
  An ufetubus (D:4)
  A dart slug (D:5)
  8 orcs
  2 endoplasms (D:1)
  5 giant cockroaches
  4 goblins
  3 hobgoblins
  A jackal (D:5)
  7 kobolds
  2 quokkas
  5 ball pythons
  3 bats
  3 frilled lizards
  8 rats
87 creatures vanquished.

Vanquished Creatures (collateral kills)
  A necrophage (D:4)
  A hobgoblin (D:2)
  A quokka (D:2)
  A rat (D:1)
4 creatures vanquished.

Vanquished Creatures (others)
  4 fungi (D:4)
4 creatures vanquished.

Grand Total: 95 creatures vanquished

Notes
Turn   | Place    | Note
-------+----------+-------------------------------------------
     0 | D:1      | GreatBamboolord the Demonspawn Necromancer began the quest
                  | for the Orb.
     0 | D:1      | Reached XP level 1. HP: 13/13 MP: 3/3
   283 | D:1      | Discovered your monstrous ancestry.
   283 | D:1      | Gained mutation: You have a pair of small horns on your
                  | head. [demonic ancestry]
   283 | D:1      | Reached XP level 2. HP: 19/19 MP: 3/5
   986 | D:2      | Reached XP level 3. HP: 24/24 MP: 3/6
   990 | D:2      | Learned a level 3 spell: Vampiric Draining
  1567 | D:3      | Reached skill level 5 in Necromancy
  1699 | D:3      | Reached XP level 4. HP: 24/30 MP: 0/8
  2225 | D:3      | Gained mutation: Your demonic aura sometimes causes spilled
                  | blood to erupt in flames. [demonic ancestry]
  2225 | D:3      | Reached XP level 5. HP: 18/35 MP: 1/10
  2350 | D:3      | Found a shimmering blue altar of Sif Muna.
  2351 | D:3      | Found a sparkling altar of Nemelex Xobeh.
  2425 | D:3      | Learned a level 4 spell: Animate Dead
  2540 | D:4      | Noticed a black bear
  2541 | D:4      | Found a broken altar of Ashenzari.
  2546 | D:4      | Killed a black bear
  2727 | D:4      | Reached skill level 6 in Necromancy
  2808 | D:4      | Gained mutation: Your demonic aura often causes spilled
                  | blood to erupt in flames. [demonic ancestry]
  2808 | D:4      | Reached XP level 6. HP: 37/41 MP: 6/12
  3844 | D:4      | Found a runed translucent door.
  3845 | D:4      | Noticed Crazy Yiuf
  3888 | D:5      | Entered Level 5 of the Dungeon
  3888 | D:5      | Found a large runed translucent door.
  3888 | D:5      | Found a large runed translucent door.
  3895 | D:5      | Learned a level 5 spell: Agony
  3905 | D:5      | Found a large runed translucent door.
  3905 | D:5      | Found a large runed translucent door.
  3989 | D:4      | Gained mutation: You have large cloven feet. [demonic
                  | ancestry]
  3989 | D:4      | Reached XP level 7. HP: 29/43 MP: 6/14
  4137 | D:5      | Noticed Blork the orc
  4141 | D:5      | Reached skill level 5 in Spellcasting
  4146 | D:5      | Killed Blork the orc
  4147 | D:5      | Reached skill level 7 in Necromancy
  4338 | D:5      | Noticed Prince Ribbit
  4344 | D:5      | Killed Prince Ribbit
  4576 | D:5      | Gained mutation: You regenerate a little health from kills.
                  | [demonic ancestry]
  4576 | D:5      | Reached XP level 8. HP: 25/49 MP: 16/16
  4790 | D:5      | Reached skill level 8 in Necromancy
  4937 | D:5      | Noticed Sigmund
  4944 | D:5      | Killed Sigmund
  5045 | D:5      | Found a stormy altar of Qazlal.
  5404 | D:5      | Noticed a two-headed ogre
  5460 | D:5      | Slain by a two-headed ogre

Illustrated notes

Levels and vault maps discovered:
D:1:      spicycebolla_arrival_xxxplode, layout_basic, minmay_misc_feat_roman,
          st_stairs_6
D:2:      cheibrodos_helix_gallery, layout_rooms
D:3:      layout_basic, nicolae_overflow_hidden_temple
D:4:      minmay_thinvault, layout_basic, ashenzari_conservatory_becter,
          uniq_crazy_yiuf_cottage
D:5:      layout_gridville, mainiacjoe_overflow_tiny_flanked,
          minmay_fountain_box, minmay_hollow_rounded_squares, uniq_sigmund,
          uniq_blork_the_orc, uniq_prince_ribbit1

Skill      XL: |  1  2  3  4  5  6  7  8 |
---------------+-------------------------+-----
Dodging        | 2 3 4 |  4.2
Spellcasting   | 3 4 5 6 |  6.8
Necromancy     | 5 6 7 8 |  8.8
Stealth        | 2 |  2.1

Action                   |  1- 3 |  4- 6 |  7- 9 || total
-------------------------+-------+-------+-------++-------
Melee: Unarmed           |    19 |    57 |    59 ||   135
       Headbutt          |     1 |    14 |    12 ||    27
       Punch             |       |     1 |     1 ||     2
       Dagger            |       |       |     3 ||     3
 Cast: Necrotise         |    67 |    75 |    46 ||   188
       Vampiric Draining |       |     2 |    19 ||    21
  Use: Scroll            |     1 |     8 |     2 ||    11
       Potion            |       |       |     4 ||     4
 Stab: Sleeping          |     1 |       |       ||     1
       Distracted        |       |     1 |       ||     1
Armor: Robe              |     8 |    26 |    18 ||    52
       Skin              |       |       |     6 ||     6
Dodge: Dodged            |    25 |    55 |    50 ||   130

Table legend: (Time is in decaauts)
 A = Elapsed time spent in this place.
 B = Non-inter-level travel time spent in this place.
 C = Inter-level travel time spent in this place.
 D = Time resting spent in this place.
 E = Time spent auto-exploring this place.
 F = Levels seen in this place.
 G = Mean time per level.
                   A        B        C        D        E       F      G
               +--------+--------+--------+--------+--------+-----+--------+
         Total |   5463 |   5193 |    270 |    353 |   3900 |   5 | 1092.6 |
       Dungeon |   5463 |   5193 |    270 |    353 |   3900 |   5 | 1092.6 |
               +--------+--------+--------+--------+--------+-----+--------+

Top non-repeatable levels by time:
     D:4: 1528 daAuts
     D:5: 1458 daAuts
     D:3: 959 daAuts
     D:1: 908 daAuts
     D:2: 609 daAuts
